 Dungeon Crawl Stone Soup version 0.30-a0-12-gd8047c6341 (webtiles) character file.

Game seed: 13783159644258196999

753 Flugkiller the Chopper (level 7, -1/63 HPs)
             Began as a Minotaur Fighter on Aug 23, 2022.
             Slain by an ogre
             ... wielding a +0 giant spiked club
              (11 damage)
             ... on level 5 of the Dungeon.
             The game lasted 00:01:59 (3854 turns).

Flugkiller the Chopper (Minotaur Fighter)           Turns: 3854, Time: 00:02:00

Health: -1/63      AC: 14    Str: 21    XL:     7   Next: 49%
Magic:  6/6        EV:  6    Int:  5    God:
Gold:   237        SH:  4    Dex: 11    Spells: 6/6 levels left

rFire   . . .      SeeInvis .    a - +0 war axe
rCold   . . .      Faith    .    c - +0 buckler
rNeg    . . .      Spirit   .    A - +0 plate armour
rPois   .          Reflect  .    (helmet restricted)
rElec   .          Harm     .    e - +0 cloak
rCorr   .          Rampage  .    (no gloves)
Will    .....                    (no boots)
Stlth   ..........               (no amulet)
HPRegen 0.20/turn                (no ring)
MPRegen 0.10/turn                (no ring)

@: mighty
A: horns 2, retaliatory headbutt
a: no special abilities


You were on level 5 of the Dungeon.
You visited 1 branch of the dungeon, and saw 5 of its levels.

You collected 237 gold pieces.

Inventory:

Hand Weapons
 a - a +0 war axe (weapon)
Missiles
 j - 7 javelins (quivered)
Armour
 b - a +0 scale mail
 c - a +0 buckler (worn)
 e - a +0 cloak (worn)
   (You found it on level 1 of the Dungeon)
 m - a +0 kite shield
   (You found it on level 2 of the Dungeon)
 A - a +0 plate armour (worn)
   (You found it on level 4 of the Dungeon)
Wands
 g - a wand of charming (8)
   (You found it on level 5 of the Dungeon)
Scrolls
 f - a scroll of fear
 k - a scroll of immolation
 l - a scroll of magic mapping
 s - a scroll of brand weapon
 t - 3 scrolls of teleportation
 w - a scroll of enchant armour
 y - a scroll of acquirement
Potions
 h - 2 potions of berserk rage {unknown}
 i - 2 potions of degeneration {unknown}
 n - a potion of attraction {unknown}
 p - a potion of mutation {unknown}
 q - 2 potions of heal wounds {unknown}
 u - a potion of invisibility {unknown}
 v - 2 potions of cancellation {unknown}
 x - 2 potions of curing {unknown}
 z - a potion of flight {unknown}


   Skills:
 + Level 6.1 Fighting
 * Level 7.4 Axes
 + Level 6.1 Armour
 - Level 3.6 Shields


You had 6 spell levels left.
You didn't know any spells.
Your spell library was empty.

Dungeon Overview and Level Annotations

Branches:
Dungeon (5/15)
 Temple: D:4-7

Altars:

Annotations:
D:3 3 runed translucent doors, t4s4d4r's ghost, amateur OpAM


Innate Abilities, Weirdness & Mutations

You have a pair of horns on your head.
You reflexively headbutt those who attack you in melee.


Message History

You closely miss the quokka. You headbutt the quokka.
You kill the quokka!
No target in view!
No target in view!
No target in view!
No target in view!
Found an escape hatch in the ceiling.
Found a war axe.
There is an escape hatch in the ceiling here.
g - a wand of charming (8) No target in view!
No target in view!
No target in view!
No target in view!
No target in view!
A wight comes into view. It is wielding a +0 dagger.
A wight is nearby!
A wight is nearby!
A wight comes into view.
It is wielding a +0 morningstar. 2 wights and an iguana come into view.
The iguana hisses angrily.
A wight comes into view. It is wielding a +0 dagger.
The wight hits you but does no damage.
An ogre comes into view. It is wielding a +0 giant spiked club.
The wight moves out of view.
The ogre shouts!
You slash the wight!
The wight is severely damaged.
The wight barely misses you.
You hit the wight but do no damage. You headbutt the wight.
You destroy the wight!
You have reached level 7!
You feel very mighty all of a sudden.
You slash the wight!
You destroy the wight!
You hit the wight.
The wight is lightly damaged.
The wight hits you with a +2 great sword!
You closely miss the wight.
The wight hits you with a +0 morningstar.
You slash the wight!
The wight is severely damaged.
The wight hits you with a +0 morningstar.
You hit the wight.
The wight is almost destroyed.
The wight hits you but does no damage.
You hit the wight.
You destroy the wight!
Your Axes skill increases to level 7!
You hit the wight.
The wight is moderately damaged.
The wight hits you with a +2 great sword!
The wight hits you with a +2 great sword.
You feel drained.
You closely miss the wight.
The wight is moderately damaged.
The wight hits you with a +2 great sword.
You feel drained.
You slice the wight!!
You destroy the wight!
Your life force feels restored.
Your Fighting skill increases to level 6!
Your Armour skill increases to level 6!
You slash the wight!
The wight is severely damaged.
The wight hits you with a +0 dagger.
You feel drained.
You barely miss the wight. Your headbutt misses the wight.
The wight is severely damaged.
The wight barely misses you.
You barely miss the wight.
The wight is severely damaged.
The wight hits you but does no damage.
You closely miss the wight.
The wight is severely damaged.
You block the wight's attack. The wight hits you but does no damage.
You hit the wight. Your headbutt misses the wight.
The wight is almost destroyed.
You block the wight's attack.
You closely miss the wight. Your headbutt misses the wight.
The wight is almost destroyed.
The wight hits you with a +0 dagger.
You closely miss the wight.
The wight is almost destroyed.
The wight hits you but does no damage.
You closely miss the wight.
The wight is almost destroyed.
The wight hits you but does no damage.
You hit the wight.
You destroy the wight!
Your life force feels restored.
You slash the iguana! You headbutt the iguana!
You kill the iguana!
The ogre hits you with a +0 giant spiked club!
* * * LOW HITPOINT WARNING * * *
You barely miss the ogre. You barely miss the ogre.
Your headbutt misses the ogre. The ogre hits you but does no damage.
You closely miss the ogre.
The ogre hits you with a +0 giant spiked club!
You die...

# ##.......##
$O.. ##.....##
#l. ### ##...##
#z# ..# #'## #.#
#.# #.# #z# #.#
#.# #z# ..# ##.##
#.# ..#
##...##########.#
..#
#.....##...@O...#
..# #...#
#.########
..######.####.#
.<............#
###############


You could see an ogre.

Vanquished Creatures
  An ogre (D:4)
  Blork the orc (D:5)
  5 wights (D:5)
  2 hounds (D:4)
  Jessica (D:3)
  3 iguanas
  7 adders
  A white imp (D:4)
  3 worms (D:2)
  3 dart slugs
  11 orcs
  10 ball pythons
  7 bats
  An endoplasm (D:1)
  8 giant cockroaches
  5 goblins
  6 hobgoblins
  9 quokkas
  5 frilled lizards
  11 kobolds
  10 rats
110 creatures vanquished.

Notes
Turn   | Place    | Note
-------+----------+-------------------------------------------
     0 | D:1      | Flugkiller the Minotaur Fighter began the quest for the
                  | Orb.
     0 | D:1      | Reached XP level 1. HP: 19/19 MP: 0/0
   210 | D:1      | Reached XP level 2. HP: 27/27 MP: 1/1
   264 | D:1      | Reached skill level 3 in Axes
   642 | D:1      | Found a faded altar of an unknown god.
   856 | D:2      | Reached XP level 3. HP: 29/33 MP: 2/2
  1321 | D:2      | Reached skill level 4 in Axes
  1447 | D:3      | Reached XP level 4. HP: 41/41 MP: 3/3
  1554 | D:3      | Noticed Jessica
  1558 | D:3      | Killed Jessica
  1759 | D:3      | Found a runed translucent gate.
  1759 | D:3      | Found a runed translucent gate.
  1759 | D:3      | Found a runed translucent gate.
  1804 | D:3      | Noticed t4s4d4r's ghost (amateur OpAM)
  2576 | D:4      | Reached XP level 5. HP: 14/47 MP: 4/4
  2870 | D:4      | Reached skill level 5 in Axes
  3047 | D:4      | Noticed an ogre
  3049 | D:4      | Reached skill level 5 in Fighting
  3049 | D:4      | Reached skill level 5 in Armour
  3055 | D:4      | Killed an ogre
  3056 | D:4      | Reached XP level 6. HP: 46/56 MP: 5/5
  3264 | D:4      | Reached skill level 6 in Axes
  3444 | D:4      | Identified a scroll of acquirement
  3586 | D:5      | Entered Level 5 of the Dungeon
  3618 | D:5      | Noticed Blork the orc
  3625 | D:5      | Killed Blork the orc
  3824 | D:5      | Reached XP level 7. HP: 62/62 MP: 6/6
  3839 | D:5      | Reached skill level 7 in Axes
  3854 | D:5      | Slain by an ogre

Illustrated notes

Levels and vault maps discovered:
D:1:      dpeg_arrival_fog, layout_basic, chequers_ecumenical_altar_island
D:2:      layout_rooms, minmay_3d_cube
D:3:      layout_basic, gammafunk_ghost_icy, uniq_jessica
D:4:      minmay_recursive_quarters, layout_rooms, minmay_door_square
D:5:      minmay_evil_eye, layout_loops_corners, uniq_blork_the_orc

Skill      XL: |  1  2  3  4  5  6  7 |
---------------+----------------------+-----
Axes           | 3 4 5 6 7 |  7.4
Fighting       | 4 5 6 |  6.1
Armour         | 4 5 6 |  6.1
Shields        | |  3.6

Action                   |  1- 3 |  4- 6 |  7- 9 || total
-------------------------+-------+-------+-------++-------
Melee: War axe           |   111 |   106 |    22 ||   239
       Headbutt          |    13 |    15 |     1 ||    29
  Use: Scroll            |       |     9 |       ||     9
       Potion            |       |       |     1 ||     1
Armor: Scale mail        |    57 |    31 |       ||    88
       Plate armour      |       |     7 |     6 ||    13
Dodge: Dodged            |    55 |    55 |     1 ||   111
Block: Buckler           |    25 |    19 |     2 ||    46

Table legend: (Time is in decaauts)
 A = Elapsed time spent in this place.
 B = Non-inter-level travel time spent in this place.
 C = Inter-level travel time spent in this place.
 D = Time resting spent in this place.
 E = Time spent auto-exploring this place.
 F = Levels seen in this place.
 G = Mean time per level.
                   A        B        C        D        E       F      G
               +--------+--------+--------+--------+--------+-----+--------+
         Total |   3926 |   3766 |    160 |    312 |   2793 |   5 |  785.2 |
       Dungeon |   3926 |   3766 |    160 |    312 |   2793 |   5 |  785.2 |
               +--------+--------+--------+--------+--------+-----+--------+

Top non-repeatable levels by time:
     D:4: 1108 daAuts
     D:3: 1080 daAuts
     D:1: 851 daAuts
     D:2: 611 daAuts
     D:5: 275 daAuts
